 Dungeon Crawl Stone Soup version 0.24.0-29-g8ce449bc06 (webtiles) character file.

Game seed: 12580946944894472660, levelgen mode: deterministic

146510 night the Thaumaturge (level 16, 0/102 HPs)
             Began as a Vampire Earth Elementalist on Nov 15, 2019.
             Was a High Priest of Sif Muna.
             Slain by an emperor scorpion (23 damage)
             ... on level 4 of the Spider Nest on Nov 16, 2019.
             The game lasted 03:25:23 (40390 turns).

night the Thaumaturge (Vampire Earth Elementalist) Turns: 40390, Time: 03:25:24

Health: 0/102      AC: 17    Str:  0 (8)  XL:     16   Next: 89%
Magic:  6/32       EV:  6    Int: 25 (30) God:    Sif Muna [*****.]
Gold:   348        SH: 15    Dex: 20 (25) Spells: 6/40 levels left

rFire    + . .     SeeInvis +   a - +8 short sword "Xux Sal" {drain, rF+ Int+2 Dex+4}
rCold    + + .     Gourm    .   s - +1 buckler {rN+}
rNeg     + + +     Faith    .   E - +5 ring mail of Divine Intervention {Regen+ Dex+7}
rPois    ∞         Spirit   .   k - +2 helmet
rElec    .         Reflect  +   (no cloak)
rCorr    .         Harm     .   (no gloves)
MR       +....                  n - +1 pair of boots {Fly}
Stlth    +++++.....             b - brooch of Shielding {Reflect SH+8}
HPRegen  0.00/turn              d - ring of wizardry
MPRegen  0.23/turn              h - +4 ring of intelligence

@: flying, very slightly contaminated, bloodless, regenerating quickly, hasted
and slowed, lost strength, invisible
A: no food, fangs 3, see invisible, unbreathing
a: Bat Form, Revivify, Channel Magic, Forget Spell, Divine Exegesis, Renounce
Religion, Stop Flying


You were on level 4 of the Spider Nest.
You worshipped Sif Muna.
Sif Muna was extremely pleased with you.
You were bloodless.

You visited 5 branches of the dungeon, and saw 28 of its levels.
You also visited: Ice Cave.

You collected 2769 gold pieces.
You spent 2421 gold pieces at shops.

Inventory:

Hand Weapons
 a - the +8 short sword "Xux Sal" (weapon) {drain, rF+ Int+2 Dex+4}
   (You found it on level 7 of the Dungeon)

   A truly terrible weapon, it drains the life of those it strikes.
   It affects your intelligence (+2).
   It affects your dexterity (+4).
   It protects you from fire.
 c - the +8 whip "Snakebite" {curare, rPois}
   (You found it on level 5 of the Lair of Beasts)

   It poisons the flesh of those it strikes.
   It protects you from poison.
 M - a +2 demon trident of electrocution
Missiles
 q - 34 boomerangs (quivered)
 H - 61 stones
 J - 8 curare-tipped darts
 U - 3 silver boomerangs
Armour
 k - a +2 helmet (worn)
 n - a +1 pair of boots of flying (worn)
 s - a +1 buckler of positive energy (worn)
 E - the +5 ring mail of Divine Intervention (worn) {Regen+ Dex+7}
   (You found it on level 7 of the Dungeon)

   It affects your dexterity (+7).
   It increases your rate of regeneration.
Magical Staves
 t - an uncursed staff of wizardry
 w - an uncursed staff of power
 K - an uncursed staff of conjuration
Jewellery
 b - the brooch of Shielding (around neck) {Reflect SH+8}
   (You bought it in a shop on level 2 of the Orcish Mines)

   [amulet of reflection]

   It shields you and reflects attacks.
   It affects your SH (+8).
 d - a ring of wizardry (left hand)
 h - a +4 ring of intelligence (right hand)
 o - an uncursed amulet of magic regeneration
 u - an uncursed ring of ice
 x - an uncursed amulet of regeneration
 B - an uncursed ring of protection from fire
 F - an uncursed ring of resist corrosion
 N - a +2 ring of protection
 V - an uncursed ring of protection from magic
Wands
 y - a wand of digging (11)
 R - a wand of paralysis (21)
 Y - a wand of iceblast (25)
Scrolls
 e - 4 scrolls of remove curse
 f - 7 scrolls of identify
 A - a scroll of magic mapping
 D - 3 scrolls of fog
 I - 2 scrolls of summoning
 L - 3 scrolls of amnesia
 Z - 5 scrolls of fear
Potions
 g - 4 potions of cancellation
 i - 7 potions of heal wounds
 p - a potion of might
 r - 9 potions of curing
 v - 2 potions of haste
 z - 3 potions of brilliance
 C - 5 potions of ambrosia
 G - a potion of lignification
 P - a potion of resistance
 Q - a potion of magic
 T - a potion of agility
 X - 4 potions of berserk rage
Miscellaneous
 l - a lamp of fire (inert)
 O - a crystal ball of energy


   Skills:
 + Level 12.3 Fighting
 - Level 4.6 Short Blades
 - Level 9.4 Armour
 - Level 6.6 Dodging
 - Level 5.0 Stealth
 - Level 4.0 Shields
 - Level 12.7 Spellcasting
 - Level 10.4 Conjurations
 - Level 9.1 Hexes
 * Level 7.5 Necromancy
   Level 1.1 Transmutations
 * Level 7.0 Ice Magic
 - Level 10.6 Earth Magic


You had 6 spell levels left.
You knew the following spells:

 Your Spells              Type           Power        Failure   Level  Hunger
a - Sandblast             Erth           ######       1%          1    N/A
b - Stone Arrow           Conj/Erth      ######       1%          3    N/A
c - Lee's Rapid Deconstr  Erth           ######....   16%         5    N/A
d - Mephitic Cloud        Conj/Pois/Air  ####....     28%         3    N/A
e - Confuse               Hex            ######..     3%          3    N/A
f - Confusing Touch       Hex            ######       1%          1    N/A
g - Iron Shot             Conj/Erth      ######....   61%         6    N/A
h - Summon Butterflies    Summ           ###.....     38%         1    N/A
i - Borgnjor's Vile Clut  Necr/Erth      ######....   26%         5    N/A
j - Freezing Cloud        Conj/Ice/Air   #####.....   99%         6    N/A

Your spell library contained the following spells:

 Spells                   Type           Power        Failure   Level  Hunger
 Animate Skeleton         Necr           N/A          1%          1    N/A
 Corona                   Hex            ######.      1%          1    N/A
 Magic Dart               Conj           ####         1%          1    N/A
 Pain                     Necr           ####         1%          1    N/A
 Searing Ray              Conj           ######       1%          2    N/A
 Slow                     Hex            ######..     1%          2    N/A
 Throw Frost              Conj/Ice       ######       1%          2    N/A
 Freeze                   Ice            ####         2%          1    N/A
 Ensorcelled Hibernation  Hex/Ice        ######       2%          2    N/A
 Dazzling Spray           Conj/Hex       ######       2%          3    N/A
 Tukima's Dance           Hex            ######..     3%          3    N/A
 Flame Tongue             Conj/Fire      #####        4%          1    N/A
 Sting                    Conj/Pois      ####         4%          1    N/A
 Passwall                 Tmut/Erth      #####...     6%          2    N/A
 Vampiric Draining        Necr           ######....   6%          3    N/A
 Iskenderun's Mystic Bla  Conj           ######..     6%          4    N/A
 Throw Flame              Conj/Fire      #####.       8%          2    N/A
 Leda's Liquefaction      Hex/Erth       ######....   8%          4    N/A
 Cause Fear               Hex            ######....   10%         4    N/A
 Throw Icicle             Conj/Ice       ######..     12%         4    N/A
 Conjure Flame            Conj/Fire      #####...     16%         3    N/A
 Inner Flame              Hex/Fire       #####...     19%         3    N/A
 Portal Projectile        Hex/Tloc       #####.       19%         3    N/A
 Spectral Weapon          Hex/Chrm       #####...     19%         3    N/A
 Summon Guardian Golem    Hex/Summ       #####...     19%         3    N/A
 Animate Dead             Necr           N/A          19%         4    N/A
 Regeneration             Chrm/Necr      ####......   26%         3    N/A
 Ozocubu's Armour         Chrm/Ice       ####....     28%         3    N/A
 Petrify                  Tmut/Erth      #####...     34%         4    N/A
 Apportation              Tloc           ###...       38%         1    N/A
 Summon Small Mammal      Summ           ###.         38%         1    N/A
 Metabolic Englaciation   Hex/Ice        ######....   38%         5    N/A
 Sticky Flame             Conj/Fire      #####...     43%         4    N/A
 Blink                    Tloc           N/A          52%         2    N/A
 Call Imp                 Summ           ###.....     52%         2    N/A
 Poisonous Vapours        Pois/Air       ###...       52%         2    N/A
 Swiftness                Chrm/Air       ###.....     52%         2    N/A
 Bolt of Magma            Conj/Fire/Erth ######....   52%         5    N/A
 Summon Ice Beast         Ice/Summ       ####....     65%         4    N/A
 Ignite Poison            Fire/Tmut/Pois ###.....     69%         3    N/A
 Call Canine Familiar     Summ           ###.....     75%         3    N/A
 Gell's Gravitas          Tloc           ###.......   75%         3    N/A
 Lesser Beckoning         Tloc           ###.......   75%         3    N/A
 Fireball                 Conj/Fire      #####.....   77%         5    N/A
 Iskenderun's Battlesphe  Conj/Chrm      #####...     77%         5    N/A
 Venom Bolt               Conj/Pois      #####.....   77%         5    N/A
 Yara's Violent Unravell  Hex/Tmut       #####.....   78%         5    N/A
 Darkness                 Hex            ######....   80%         6    N/A
 Invisibility             Hex            ######..     80%         6    N/A
 Bolt of Cold             Conj/Ice       ######....   85%         6    N/A
 Airstrike                Air            ###.......   98%         4    N/A
 Summon Lightning Spire   Summ/Air       ###.....     98%         4    N/A
 Bolt of Fire             Conj/Fire      #####.....   99%         6    N/A
 Poison Arrow             Conj/Pois      #####.....   99%         6    N/A
 Alistair's Intoxication  Tmut/Pois      ###.....     100%        5    N/A
 Orb of Destruction       Conj           ######....   99%         7    N/A
 Spellforged Servitor     Conj/Summ      #####.....   100%        7    N/A
 Chain Lightning          Conj/Air       #####.....   100%        8    N/A
 Discord                  Hex            ######....   100%        8    N/A
 Lehudib's Crystal Spear  Conj/Erth      ######....   100%        8    N/A
 Fire Storm               Conj/Fire      #####.....   100%        9    N/A
 Glaciate                 Conj/Ice       ######....   100%        9    N/A

Dungeon Overview and Level Annotations

Branches:
Dungeon (15/15)            Temple (1/1) D:6            Lair (6/6) D:10
 Shoals (0/4) Lair:4       Spider (4/4) Lair:4        Slime (0/5) Lair:5
    Orc (2/2) D:10            Elf (0/3) Orc:2        Vaults (0/5) D:13
 Depths (0/5) D:15          IceCv (visited)

Altars:
Dithmenos
Elyvilon
Fedhas
Makhleb
Nemelex Xobeh
Qazlal
Ru
Sif Muna
Trog
Uskayaw

Shops:
D:4 :   D:7 *   D:11 *   Orc:1 [   Orc:2 *=%[

Annotations:
D:8 3 runed translucent doors, Flugslaktarn's ghost, novice MiMo
D:13 1 transporter, Hixy's ghost, journeyman NaGl
Lair:2 3 runed translucent doors, Haxyobbu's ghost, journeyman MiFi
Spider:4 2 exclusions
Orc:1 3 runed translucent doors, Voleoc's ghost, journeyman GrFi; barkas's ghost, journeyman CeMo; ggurman's ghost, journeyman MiFi; reasonance's ghost, journeyman GrBe


Innate Abilities, Weirdness & Mutations

You do not eat.
You do not regenerate when monsters are visible.
You are frail without blood (-20% HP).
You can heal yourself when you bite living creatures.
You are immune to poison.
You have razor-sharp teeth.
You have supernaturally acute eyesight. (SInv)
You can survive without breathing.


Message History

You block the emperor scorpion's attack.
The emperor scorpion claws you but does no damage.
A redback comes into view.
Found a gossamer rune of Zot and 2 potions of ambrosia.
Blink to where?
Press: ? - help, Dir - move target cursor
As you read the scroll of blinking, it crumbles to dust.
As you read the scroll of teleportation, it crumbles to dust.
You feel strangely unstable.
You see here a redback corpse.
Your surroundings suddenly seem different.
The emperor scorpion evades a web.
The emperor scorpion is caught in a web!
Okay, then.
Okay, then.
The emperor scorpion pulls away from the web.
You feel yourself speed up.
You fade into invisibility!
The emperor scorpion stings you!!
You die...

####s.^...##.^####≈...^≈##
###....ss.^...s.,,,####...##
#....###..$≈≈≈≈≈≈≈,,,,#..^.#
#.≈..#^≈...≈≈φ.≈≈≈≈≈,,#...≈≈
#....###≈...≈≈≈!,,,,,##≈..^≈
#^^.≈..#####!...≈≈####≈≈^.≈.
##^........########≈≈≈≈.^..#
##^.≈..≈..^...^..........##
##...^.ss@.........^≈#..≈.
#########≈.####≈≈####...≈
#### #########≈. ######
##.#####. ###^...##
##...#^.<.
##.#.....####.........
#..........#..........
#.....#...............
##^....^...#..........


You could see 2 emperor scorpions.

Vanquished Creatures
  Arachne (Spider:3)
  Frances (D:13)
  3 emperor scorpions
  2 orc warlords (Orc:1)
  Louise (Spider:3)
  2 entropy weavers
  A stone giant (Orc:1)
  Nessos (D:14)
  4 spark wasps
  Snorg (Orc:1)
  Harold (D:9)
  A yaktaur captain (D:15)
  2 catoblepae (Lair:4)
  3 hydras
  4 vault guards (D:13)
  8 two-headed ogres
  4 centaur warriors
  4 orc high priests (Orc:2)
  2 tengu warriors (D:13)
  Sonja (Lair:5)
  4 skeletal warriors
  2 unseen horrors
  A necromancer (IceCv)
  16 orb spiders
  3 orc knights (Orc:1)
  16 wolf spiders
  A deep elf mage (D:14)
  3 cyclopes
  9 ugly things
  A moth of wrath (Spider:1)
  4 oklob plants (Lair:5)
  An orc sorcerer (Orc:2)
  6 elephants (Lair:6)
  An elephant (shapeshifter) (D:13)
  A manticore (Lair:4)
  Joseph (D:8)
  8 black mambas
  2 ice statues (IceCv)
  A gargoyle (D:13)
  A torpor snail (Spider:3)
  11 spiny frogs
  A rime drake (Lair:4)
  2 kobold demonologists (D:15)
  7 komodo dragons
  A yaktaur (shapeshifter) (Orc:2)
  14 demonic crawlers
  7 ice devils (IceCv)
  5 yaktaurs (D:15)
  26 jumping spiders
  9 trolls
  Prince Ribbit (D:5)
  6 polar bears
  Grinder (D:5)
  8 blink frogs
  6 hornets
  7 slime creatures
  7 dream sheep
  16 hippogriffs
  82 redbacks
  24 tarantellas
  3 shadows
  4 wyverns
  A vampire (D:15)
  A wraith (D:11)
  12 spriggans (Lair:6)
  6 basilisks
  Grum (Lair:1)
  24 yaks
  2 hungry ghosts
  A soldier ant (D:13)
  10 wargs
  18 water moccasins
  8 porcupines
  32 orc warriors
  5 sky beasts
  An eye of draining (D:9)
  8 ice beasts (D:12)
  A phantom (D:5)
  6 black bears
  13 ogres
  A necrophage (D:8)
  35 wolves
  14 centaurs
  7 boggarts
  8 crocodiles
  7 big kobolds
  25 bullfrogs
  A wyvern zombie (D:14)
  3 scorpions
  15 killer bees
  8 electric eels
  16 wights
  A howler monkey (D:13)
  2 bullfrog zombies
  5 centaur zombies
  8 crimson imps
  A draconian simulacrum (IceCv)
  9 hounds
  27 orc priests
  2 jellies
  A quasit (D:14)
  2 bullfrog skeletons
  4 centaur skeletons
  4 iguanas
  37 orc wizards
  11 worker ants
  A spriggan simulacrum (IceCv)
  2 troll simulacra (IceCv)
  A killer bee zombie (D:8)
  A centaur simulacrum (IceCv)
  A hound zombie (D:5)
  A hound skeleton (D:6)
  11 gnolls
  4 ogre simulacra (IceCv)
  4 river rats
  19 adders
  A naga simulacrum (IceCv)
  9 shadow imps
  3 oozes
  An adder skeleton (D:4)
  4 worms
  A dart slug (D:4)
  2 leopard geckos
  71 orcs
  3 ball pythons
  7 bats
  8 giant cockroaches
  9 goblins
  9 hobgoblins
  18 jackals
  5 quokkas
  4 frilled lizards
  31 kobolds
  A leopard gecko zombie (D:9)
  A quokka zombie (D:5)
  11 rats
  A butterfly (Lair:1)
  A plant (Lair:5)
1027 creatures vanquished.

Vanquished Creatures (collateral kills)
  A slime creature (D:13)
1 creature vanquished.

Vanquished Creatures (others)
  2 centaurs
  2 worker ants
  An orc (Orc:1)
  A quokka (D:14)
  A bush (Lair:1)
  12 fungi
  14 plants
  12 toadstools (Lair:4)
  A withered plant (Orc:1)
46 creatures vanquished.

Grand Total: 1074 creatures vanquished

Notes
Turn   | Place    | Note
-------+----------+-------------------------------------------
     0 | D:1      | night the Vampire Earth Elementalist began the quest for
                  | the Orb.
     0 | D:1      | Reached XP level 1. HP: 13/13 MP: 3/3
    92 | D:1      | Reached XP level 2. HP: 17/20 MP: 0/5
   464 | D:1      | Reached skill level 1 in Fighting
   489 | D:1      | Reached XP level 3. HP: 26/26 MP: 6/6
   494 | D:1      | Learned a level 3 spell: Stone Arrow
  1042 | D:2      | Reached XP level 4. HP: 32/32 MP: 3/7
  1552 | D:2      | Found a shadowy altar of Dithmenos.
  1708 | D:2      | Reached XP level 5. HP: 38/38 MP: 9/9
  1715 | D:2      | Learned a level 5 spell: Lee's Rapid Deconstruction
  2389 | D:3      | Reached skill level 5 in Earth Magic
  3144 | D:3      | Found a sparkling altar of Nemelex Xobeh.
  3383 | D:4      | Reached XP level 6. HP: 45/45 MP: 10/10
  3482 | D:4      | Found a stormy altar of Qazlal.
  3515 | D:4      | Found Cegoirgh's Book Boutique.
  3942 | D:4      | Found a shimmering blue altar of Sif Muna.
  4037 | D:4      | Became a worshipper of Sif Muna the Loreminder
  4083 | D:5      | Entered Level 5 of the Dungeon
  4089 | D:5      | Reached XP level 7. HP: 49/52 MP: 10/12
  4183 | D:5      | Noticed Prince Ribbit
  4196 | D:5      | Killed Prince Ribbit
  4648 | D:4      | Noticed a hippogriff
  4656 | D:4      | Killed a hippogriff
  4656 | D:4      | Reached XP level 8. HP: 24/60 MP: 6/15
  5102 | D:5      | Reached * piety under Sif Muna
  5291 | D:5      | Noticed Grinder
  5299 | D:5      | Killed Grinder
  5299 | D:5      | Reached skill level 5 in Spellcasting
  5511 | D:5      | Reached skill level 5 in Fighting
  6000 | D:6      | Reached XP level 9. HP: 68/68 MP: 14/17
  6279 | D:6      | Found a staircase to the Ecumenical Temple.
  6286 | Temple   | Entered the Ecumenical Temple
  6459 | D:6      | Learned a level 3 spell: Mephitic Cloud
  6511 | D:6      | Reached ** piety under Sif Muna
  6717 | D:6      | Found a bloodstained altar of Trog.
  6916 | D:7      | Learned a level 3 spell: Confuse
  6990 | D:7      | Reached skill level 1 in Hexes
  6992 | D:7      | Identified the +5 ring mail of Divine Intervention {Regen+
                  | Dex+7} (You found it on level 7 of the Dungeon)
  7652 | D:7      | Learned a level 1 spell: Confusing Touch
  7675 | D:7      | Reached *** piety under Sif Muna
  7827 | D:7      | Found Plog's Assorted Antiques.
  7953 | D:7      | Found a sacrificial altar of Ru.
  7961 | D:7      | Reached skill level 5 in Hexes
  8081 | D:7      | Got a warped short sword
  8082 | D:7      | Identified the +8 short sword "Xux Sal" {drain, rF+ Int+2
                  | Dex+4} (You found it on level 7 of the Dungeon)
  8204 | D:8      | Noticed Joseph
  8222 | D:8      | Killed Joseph
  8222 | D:8      | Reached XP level 10. HP: 79/79 MP: 13/21
  8610 | D:8      | Found a blossoming altar of Fedhas.
  8614 | D:8      | Found a shadowy altar of Dithmenos.
  8617 | D:8      | Found a sacrificial altar of Ru.
  8736 | D:8      | Found a runed translucent gate.
  8736 | D:8      | Noticed Flugslaktarn's ghost (novice MiMo)
  8737 | D:8      | Found a runed translucent gate.
  8737 | D:8      | Identified the +10 short sword of Lazukhless {chaos, *Noise
                  | Str+4 Dex+2}
  8739 | D:8      | Found a runed translucent gate.
  8978 | D:9      | Reached **** piety under Sif Muna
  9089 | D:9      | Noticed a two-headed ogre
  9103 | D:9      | Killed a two-headed ogre
  9373 | D:9      | Noticed Harold
  9395 | D:9      | Killed Harold
  9484 | D:9      | Found a hide-covered altar of Uskayaw.
  9857 | D:10     | Entered Level 10 of the Dungeon
  9885 | D:10     | Found a staircase to the Lair.
  9912 | D:10     | Reached skill level 1 in Conjurations
  9949 | D:10     | Reached XP level 11. HP: 86/86 MP: 7/23
 10072 | D:10     | Noticed a two-headed ogre
 10168 | D:10     | Killed a two-headed ogre
 10475 | D:10     | Found a staircase to the Orcish Mines.
 10681 | Lair:1   | Entered Level 1 of the Lair of Beasts
 10937 | Lair:1   | Noticed Grum
 10955 | Lair:1   | Killed Grum
 11088 | Lair:1   | Reached ***** piety under Sif Muna
 11801 | Lair:2   | Got a pair of slimy boots
 11812 | Lair:2   | Identified the cursed +0 pair of boots of Jecechuk {rF+
                  | rCorr Str-4} (You found it on level 2 of the Lair of
                  | Beasts)
 11838 | Lair:2   | Found a runed translucent gate.
 11838 | Lair:2   | Found a runed translucent gate.
 11840 | Lair:2   | Found a runed translucent gate.
 11844 | Lair:2   | Noticed Haxyobbu's ghost (journeyman MiFi)
 11903 | Lair:2   | Identified Sif Muna's Reference Book on the Hurtful Voyage
                  | (Sif Muna gifted it to you on level 2 of the Lair of
                  | Beasts)
 11903 | Lair:2   | Received a gift from Sif Muna
 11925 | Lair:2   | Learned a level 6 spell: Iron Shot
 12175 | Lair:2   | Reached skill level 5 in Conjurations
 12511 | Lair:3   | Reached XP level 12. HP: 40/95 MP: 19/25
 12684 | Lair:3   | Noticed a four-headed hydra
 12690 | Lair:3   | Killed a four-headed hydra
 12690 | Lair:3   | Reached skill level 10 in Spellcasting
 13417 | Lair:4   | Reached skill level 10 in Fighting
 13510 | Lair:4   | Found a staircase to the Shoals.
 13860 | Lair:4   | Found a hole to the Spider Nest.
 14013 | Lair:4   | Noticed a catoblepas
 14013 | Lair:4   | Noticed a catoblepas
 14033 | Lair:4   | Found a runed translucent door.
 14072 | Lair:4   | Noticed a six-headed hydra
 14107 | Lair:4   | Killed a six-headed hydra
 14359 | Lair:4   | Reached skill level 10 in Earth Magic
 14568 | Lair:4   | Killed a catoblepas
 14617 | Lair:4   | Killed a catoblepas
 14880 | Lair:5   | Noticed a four-headed hydra
 14934 | Lair:5   | Killed a four-headed hydra
 14934 | Lair:5   | Reached skill level 1 in Armour
 14934 | Lair:5   | Reached skill level 1 in Shields
 14934 | Lair:5   | Reached XP level 13. HP: 103/103 MP: 15/27
 15482 | Lair:5   | Received a gift from Sif Muna
 15521 | Lair:5   | Reached skill level 5 in Stealth
 15754 | Lair:5   | Noticed Sonja
 15761 | Lair:5   | Killed Sonja
 15989 | Lair:5   | Found the +8 whip "Snakebite" {curare, rPois}
 16302 | Lair:5   | Found a staircase to the Slime Pits.
 16608 | Lair:6   | Entered Level 6 of the Lair of Beasts
 17503 | Lair:6   | Reached skill level 5 in Armour
 17925 | Lair:6   | Paralysed by a hornet for 2 turns
 18421 | Lair:6   | Identified Sif Muna's Handbook of Arcane Weapons and Flight
                  | (Sif Muna gifted it to you on level 6 of the Lair of
                  | Beasts)
 18421 | Lair:6   | Received a gift from Sif Muna
 19121 | D:11     | Found Fenyfeth's General Store.
 19749 | D:11     | Found a sparkling altar of Nemelex Xobeh.
 19883 | D:7      | Bought a glowing buckler for 225 gold pieces
 20173 | D:11     | Reached XP level 14. HP: 93/110 MP: 28/28
 20509 | D:12     | Found a frozen archway.
 20547 | IceCv    | Entered an ice cave
 21593 | IceCv    | Received a gift from Sif Muna
 21597 | IceCv    | Learned a level 1 spell: Summon Butterflies
 21634 | IceCv    | Got a spiked leather armour
 21645 | IceCv    | Identified the cursed +0 leather armour of Hopscotch {Str-2
                  | Int+2 Dex+3 SInv} (You found it in an ice cave)
 22239 | D:12     | Got a polished short sword
 22240 | D:12     | Identified the +2 short sword of the Vine {venom, rC++
                  | Dex-2} (You found it on level 12 of the Dungeon)
 22287 | D:12     | Got a brightly glowing scale mail
 22298 | D:12     | Identified the cursed +0 scale mail of Duty {Slay+2 Stlth+}
                  | (You found it on level 12 of the Dungeon)
 22637 | D:7      | Bought a scroll of remove curse for 90 gold pieces
 22864 | D:13     | Found a gate to the Vaults.
 23142 | D:13     | Noticed Frances
 23171 | D:13     | Killed Frances
 24233 | D:13     | Found a transporter.
 24456 | D:13     | Noticed Hixy's ghost (journeyman NaGl)
 24755 | D:14     | Identified Sif Muna's Advanced Steps in Witchery (Sif Muna
                  | gifted it to you on level 14 of the Dungeon)
 24755 | D:14     | Received a gift from Sif Muna
 25012 | D:14     | Found a white marble altar of Elyvilon.
 25216 | D:14     | Found Tolamumm's Weapon Shop.
 25265 | D:14     | Noticed Nessos
 25282 | D:14     | Killed Nessos
 25282 | D:14     | Reached skill level 1 in Short Blades
 25561 | D:15     | Entered Level 15 of the Dungeon
 26107 | D:15     | Reached XP level 15. HP: 117/117 MP: 31/31
 26170 | D:15     | Found a blossoming altar of Fedhas.
 26762 | D:15     | Found a staircase to the Depths.
 27666 | Orc:1    | Entered Level 1 of the Orcish Mines
 27711 | Orc:1    | Found a runed translucent gate.
 27712 | Orc:1    | Found a runed translucent gate.
 27713 | Orc:1    | Found a runed translucent gate.
 27714 | Orc:1    | Noticed barkas's ghost (journeyman CeMo)
 27715 | Orc:1    | Noticed ggurman's ghost (journeyman MiFi)
 27715 | Orc:1    | Noticed reasonance's ghost (journeyman GrBe)
 27715 | Orc:1    | Noticed Voleoc's ghost (journeyman GrFi)
 27844 | Orc:1    | Noticed an orc warlord
 28038 | Orc:1    | Identified Sif Muna's Catalogue of Toxins and Darkness (Sif
                  | Muna gifted it to you on level 1 of the Orcish Mines)
 28038 | Orc:1    | Received a gift from Sif Muna
 28054 | Orc:1    | Killed an orc warlord
 28509 | Orc:1    | Noticed an orc warlord
 28509 | Orc:1    | Identified the amulet of Perol {Harm *Drain MR+ Str+3}
 28796 | Orc:1    | Reached skill level 5 in Dodging
 28837 | Orc:1    | Identified the cursed +1 hand crossbow of the Enchanted
                  | Forest {speed, *Contam rN++}
 28932 | Orc:1    | Killed an orc warlord
 29055 | Orc:1    | Found Qoant's Antique Armour Boutique.
 29228 | Orc:2    | Entered Level 2 of the Orcish Mines
 29271 | Orc:2    | Noticed Snorg
 29380 | Orc:1    | Killed Snorg
 29380 | Orc:1    | Reached skill level 10 in Conjurations
 29918 | Orc:2    | Found a staircase to the Elven Halls.
 30026 | Orc:2    | Received a gift from Sif Muna
 30537 | Orc:2    | Paralysed by an orc sorcerer for 6 turns
 30946 | Orc:2    | Found Bufoucai's Food Emporium.
 30981 | Orc:2    | Found Fexafas's Antique Armour Emporium.
 30981 | Orc:2    | Found Kiggoule's Jewellery Shoppe.
 30984 | Orc:2    | Found Yroyr's Assorted Antiques.
 30991 | Orc:2    | Bought an uncursed ring of resist corrosion for 220 gold
                  | pieces
 30991 | Orc:2    | Bought a +4 ring of intelligence for 297 gold pieces
 31004 | Orc:2    | Bought the brooch of Shielding {Reflect SH+8} for 1169 gold
                  | pieces
 31004 | Orc:2    | Found the brooch of Shielding {Reflect SH+8}
 31009 | Orc:2    | Bought an embroidered hat for 203 gold pieces
 31020 | Orc:2    | Bought a runed helmet for 217 gold pieces
 31169 | Spider:1 | Entered Level 1 of the Spider Nest
 33758 | Spider:2 | Reached XP level 16. HP: 100/100 MP: 30/32
 33939 | Spider:2 | Identified Sif Muna's Reference Book on Bewitching
                  | Conjuration (Sif Muna gifted it to you on level 2 of the
                  | Spider Nest)
 33939 | Spider:2 | Received a gift from Sif Muna
 34044 | Spider:2 | Learned a level 5 spell: Borgnjor's Vile Clutch
 34051 | Spider:2 | Learned a level 6 spell: Freezing Cloud
 34394 | Spider:2 | Reached skill level 1 in Ice Magic
 34455 | Spider:2 | Reached skill level 1 in Necromancy
 34795 | Spider:2 | Identified the cursed +1 ring mail "Kyrphuiq" {rN++ rCorr
                  | Slay-4} (You found it on level 2 of the Spider Nest)
 35380 | Spider:3 | Noticed Arachne
 35627 | Spider:3 | Killed Arachne
 36081 | Spider:3 | Noticed Louise
 36095 | Spider:3 | Killed Louise
 36655 | Spider:3 | Reached skill level 5 in Necromancy
 37437 | Spider:4 | Entered Level 4 of the Spider Nest
 37540 | Spider:4 | Reached skill level 5 in Ice Magic
 38076 | Spider:3 | Identified Sif Muna's Almanac of the Maze (Sif Muna gifted
                  | it to you on level 3 of the Spider Nest)
 38076 | Spider:3 | Received a gift from Sif Muna
 40359 | Spider:4 | Lost strength.
 40390 | Spider:4 | Slain by an emperor scorpion

Levels and vault maps discovered:
D:1:      minmay_arrival_doors, layout_rooms
D:2:      layout_loops_ring, first_ration, grunt_ministairs_8,
          serial_park_tiny_1, hangedman_decor_peaks_small,
          nicolae_dithmenos_through_a_glass_darkly
D:3:      layout_basic, lemuel_round_altar, minmay_misc_feat_five
D:4:      layout_gridville, led_sif_book, portal_sewer_entry_c, serial_shops,
          shop, nicolae_qazlal_general_emergency
D:5:      wad_woods_settlement, layout_basic, uniq_grinder, uniq_prince_ribbit1
D:6:      layout_loops_corners, minmay_temple_entry_gardened_gates,
          minmay_fountain_box, trog_book
D:7:      layout_loops_ring, serial_shops, kennysheep_mini_moat,
          nicolae_ru_great_annihilating_truth
D:8:      layout_cave_pools, minmay_overflow_temple_star_quad,
          gammafunk_ghost_nasty_kobolds, grunt_ogre_cave, uniq_joseph
D:9:      layout_long_grid, marbit_many_paths, uniq_harold
D:10:     layout_small_grid, due_lair_maze_entry_diamond, orc_0_dummy
D:11:     layout_basic, serial_shops, shop, nemelex_xobeh_ov_fountains_minmay
D:12:     layout_cave_pools, enter_bailey_8, portal_ice_cave_entry_ice_beasts
D:13:     layout_roguey, lightli_vaults_fourway_checkpoint,
          gammafunk_ghost_hive, uniq_frances
D:14:     nicolae_whirlpool, layout_basic, serial_shops, shop, elyvilon_altar_4,
          uniq_nessos
D:15:     grunt_enter_depths_snipers, layout_long_grid, fedhas_altar_4
Temple:   nicolae_temple_elliptical
Lair:1:   layout_chaotic_city, grunt_megastairs_2, lemuel_fruit_fields,
          serial_bayou_shore_b, uniq_grum
Lair:2:   layout_hall_layers, ebering_ghost_rock_garden, beast_lair_carwin_11
Lair:3:   beast_lair_carwin_large_1, layout_regular_city
Lair:4:   gammafunk_lair_enchanted_lake, layout_regular_city,
          minmay_shoals_entry_beasts, spider_nest_entry_a,
          kilobyte_rumbling_trees
Lair:5:   minmay_guarded_unrand_snakebite, layout_cave_pods,
          minmay_slime_entry_oklob_enclosed, chequers_serial_rivers_micro_a,
          serial_bayou_ford_a, grunt_megastairs_1, minmay_lair_oklob_chamber,
          uniq_sonja
Lair:6:   minmay_lair_end_enchanted_forest, layout_layer_cave, st_stairs_4,
          infiniplex_staircase_pool
Spider:1: layout_chambers
Spider:2: cheibrodos_forgotten_conduit
Spider:3: layout_spider_delve, uniq_arachne, uniq_louise
Spider:4: grunt_spider_rune_circles, spiders_nest_the_unseen
Orc:1:    layout_caves, gammafunk_ghost_cemetery, serial_shops, shop,
          statue_in_the_mist_lemuel, minmay_orc_treasury
Orc:2:    st_orc_mages, layout_diamond_mine, uniq_snorg

Skill      XL: |  1  2  3  4  5  6  7  8  9 10 11 12 13 14 15 16 |
---------------+-------------------------------------------------+-----
Fighting       | 1 2 3 4 5 7 8 9 10 11 12 | 12.3
Earth Magic    | 4 5 6 7 8 9 10 | 10.6
Spellcasting   | 3 4 5 7 8 9 10 12 | 12.7
Hexes          | 6 9 |  9.1
Conjurations   | 1 5 7 9 10 | 10.4
Armour         | 1 8 9 |  9.4
Shields        | 1 4 |  4.0
Stealth        | 5 |  5.0
Short Blades   | 2 4 |  4.6
Dodging        | 3 6 |  6.6
Ice Magic      | 7 |  7.0
Necromancy     | 7 |  7.5
Transmutations | |  1.1

Action                   |  1- 3 |  4- 6 |  7- 9 | 10-12 | 13-15 | 16-18 || total
-------------------------+-------+-------+-------+-------+-------+-------++-------
Melee: Unarmed           |    21 |       |       |       |       |       ||    21
       Bite              |     3 |     9 |    30 |    86 |   214 |    39 ||   381
       Dagger            |    27 |   140 |   288 |       |       |       ||   455
       Short sword       |       |       |    35 |   463 |  1304 |   287 ||  2089
       Morningstar       |       |       |       |     5 |       |       ||     5
       Whip              |       |       |       |       |   206 |     2 ||   208
       Broad axe         |       |       |       |       |    14 |       ||    14
       Staff             |       |       |       |       |    14 |       ||    14
 Fire: Hunting sling     |       |       |       |       |    15 |       ||    15
Throw: Stone             |     1 |       |       |       |       |       ||     1
       Javelin           |       |     2 |     2 |       |       |       ||     4
       Boomerang         |       |       |       |    11 |    15 |    16 ||    42
 Cast: Sandblast         |    25 |    19 |    48 |    43 |    47 |     5 ||   187
       Stone Arrow       |     7 |    34 |    65 |   132 |   417 |   148 ||   803
       Lee's Rapid Decon |       |       |     6 |    17 |    55 |       ||    78
       Confuse           |       |       |     5 |    10 |   122 |    13 ||   150
       Mephitic Cloud    |       |       |     2 |     9 |     1 |       ||    12
       Confusing Touch   |       |       |       |     1 |    20 |     1 ||    22
       Iron Shot         |       |       |       |       |    23 |    31 ||    54
       Borgnjor's Vile C |       |       |       |       |       |    65 ||    65
 Abil: Exsanguinate      |       |       |       |       |     3 |       ||     3
       Bat Form          |       |       |       |       |     1 |     4 ||     5
       Revivify          |       |       |       |       |     1 |       ||     1
       End Transformatio |       |       |       |       |       |     4 ||     4
Evoke: Wand              |       |       |       |       |    19 |     5 ||    24
       Lamp of fire      |       |       |       |       |       |     1 ||     1
  Use: Potion            |       |     3 |       |       |     3 |     3 ||     9
       Scroll            |       |     1 |    17 |    11 |    25 |     6 ||    60
 Stab: Sleeping          |     1 |     7 |    10 |    12 |    13 |     7 ||    50
       Distracted        |       |       |     1 |       |     1 |       ||     2
       Confused          |       |       |     3 |    14 |    53 |     3 ||    73
       Paralysed         |       |       |     1 |       |       |       ||     1
Armor: Robe              |    16 |    23 |    36 |       |       |       ||    75
       Ring mail         |       |       |    88 |   299 |   667 |   174 ||  1228
       Scale mail        |       |       |       |       |     2 |       ||     2
Dodge: Dodged            |    33 |   128 |   224 |   370 |   881 |   178 ||  1814
Block: Buckler           |       |       |       |       |   793 |   345 ||  1138
       Reflection        |       |       |       |       |    36 |     2 ||    38
       Other             |       |       |       |       |       |     7 ||     7
